 Dungeon Crawl Stone Soup version 0.25.0-10-g039870ee82 (webtiles) character file.

Game seed: 7031070791388777873

3210 protoss039 the Thaumaturge (level 9, -4/45 HPs)
             Began as a Deep Elf Earth Elementalist on June 23, 2020.
             Was a Believer of Vehumet.
             Slain by a wraith (6 damage)
             ... on level 7 of the Dungeon.
             The game lasted 00:30:33 (7806 turns).

protoss039 the Thaumaturge (DEEE)                   Turns: 7806, Time: 00:30:33

Health: -4/45      AC:  4    Str:  5    XL:     9   Next: 65%
Magic:  2/28       EV: 13    Int: 24    God:    Vehumet [**....]
Gold:   338        SH:  0    Dex: 21    Spells: 20/35 levels left

rFire    . . .     SeeInvis .   j - +1 short sword
rCold    . . .     Gourm    .   (no shield)
rNeg     . . .     Faith    .   c - +0 robe
rPois    .         Spirit   .   f - +1 helmet
rElec    .         Reflect  .   (no cloak)
rCorr    .         Harm     .   (no gloves)
MR       .....                  (no boots)
Stlth    ++........             (no amulet)
HPRegen  0.15/turn              D - ring of wizardry
MPRegen  0.21/turn              B - +6 ring of dexterity

@: slowed, very slow
A: no striking features
a: Renounce Religion


You were on level 7 of the Dungeon.
You worshipped Vehumet.
Vehumet was pleased with you.
You were not hungry.

You visited 2 branches of the dungeon, and saw 9 of its levels.

You collected 390 gold pieces.
You spent 52 gold pieces at shops.

Inventory:

Hand Weapons
 g - a cursed -1 rapier
 j - a +1 short sword (weapon)
Missiles
 b - 36 stones (quivered)
Armour
 c - a +0 robe (worn)
 f - a +1 helmet (worn)
Jewellery
 i - an uncursed amulet of magic regeneration
 q - an uncursed amulet of reflection {unknown}
 v - an uncursed ring of protection from cold {unknown}
 B - a +6 ring of dexterity (right hand)
 D - a ring of wizardry (left hand)
Wands
 C - a wand of paralysis (7)
Scrolls
 a - a scroll of magic mapping
 k - a scroll of fear
 m - 3 scrolls of enchant armour
 o - 6 scrolls of remove curse
 u - 3 scrolls of teleportation
Potions
 e - 4 potions of lignification
 h - a potion of stabbing
 l - a potion of magic {unknown}
 n - a potion of flight {unknown}
 p - 2 potions of mutation
 r - 4 potions of curing {unknown}
 s - 2 potions of cancellation
 t - a potion of heal wounds {unknown}
 w - a potion of might {unknown}
Comestibles
 d - 8 rations


   Skills:
 + Level 0.1 Fighting
 - Level 0.3 Short Blades
 - Level 2.4 Dodging
 - Level 2.4 Stealth
 * Level 13.5 Spellcasting
 + Level 3.1 Conjurations
 + Level 1.1 Transmutations
 * Level 9.4 Earth Magic


You had 20 spell levels left.
You knew the following spells:

 Your Spells              Type           Power        Failure   Level  Hunger
a - Sandblast             Erth           ######       1%          1    None
b - Passwall              Tmut/Erth      #####...     1%          2    None
c - Stone Arrow           Conj/Erth      #####.       1%          3    None
d - Petrify               Tmut/Erth      #####...     1%          4    None
e - Lee's Rapid Deconstr  Erth           ######....   1%          5    ###....

Your spell library contained the following spells:

 Spells                   Type           Power        Failure   Level  Hunger
 Searing Ray              Conj           ####..       1%          2    None
 Corona                   Hex            ###....      1%          1    None
 Ensorcelled Hibernation  Hex/Ice        ###...       2%          2    None
 Dazzling Flash           Conj/Hex       ###...       2%          3    None
 Confusing Touch          Hex            ###.....     4%          3    None
 Tukima's Dance           Hex            ###.....     4%          3    None


Dungeon Overview and Level Annotations

Branches:
Dungeon (8/15)             Temple (1/1) D:4
   Lair: D:8-11

Altars:
Ashenzari
Cheibriados
Dithmenos
Elyvilon
Fedhas
Gozag
Hepliaklqana
Kikubaaqudgha
Makhleb
Nemelex Xobeh
Okawaru
Qazlal
Ru
Sif Muna
Trog
Uskayaw
Vehumet
Wu Jian
Xom
Yredelemnul
Zin
The Shining One

Shops:
D:4 *


Message History

The wraith is moderately damaged.
b - 36 stones The wraith hits you!
Unknown command.
Casting: Sandblast (safe; 1% risk of failure)
Confirm with . or Enter, or press ? or * to list all spells.
Aiming: Passwall (safe; 1% risk of failure)
Press: ? - help, Dir - move target cursor, p - wraith A rock wall.
The wraith hits you! The wraith barely misses you.
You begin to meditate on the wall.
You continue meditating on the rock.
The wraith hits you.
* * * LOW HITPOINT WARNING * * *
You continue meditating on the rock.
The wraith hits you!
* * * LOW HITPOINT WARNING * * *
The wraith drains your vigour!
You feel as though you will be slow longer.
The wraith hits you.
You die...

#.# #.#.##...#..##.... #.#
#.#.##.#...#####.# #.####
#.#.##.##### #.# #....# #......#
##'# # ####.# ###...<# ##... ##
### #.# ####.#######.... .##
##.###.# #.............
..####...##.########...####......
..'............W@.........'......
..####...##.########...####......
.## #........# #.....##...... ##
#.##.....# #.###.##.#.... #
#.##.#...# #......>.##...
#.##รท....# #####.######+#
#.##..#..# #.# ##.# #........#
#.# #... ####..#.## #.# #..#


You could see a wraith.

Vanquished Creatures
  A two-headed ogre (D:8)
  A deep elf mage (D:8)
  Menkaure (D:4)
  A sky beast (D:6)
  An orc warrior (D:7)
  2 centaurs
  An ogre (D:6)
  2 phantoms
  3 bullfrogs
  A water moccasin skeleton (D:7)
  6 crimson imps
  3 bullfrog zombies
  5 hounds
  3 centaur skeletons
  3 jellies
  2 bullfrog skeletons (D:5)
  An iguana (D:8)
  2 orc wizards
  5 worker ants
  Robin (D:3)
  2 worker ant zombies (D:6)
  11 gnolls
  5 adders
  2 worms (D:4)
  A dart slug (D:3)
  9 leopard geckos
  12 orcs
  11 giant cockroaches
  18 goblins
  14 hobgoblins
  4 jackals (D:7)
  3 quokkas
  8 bats
  6 frilled lizards
  2 jackal skeletons
  6 kobolds
  A leopard gecko skeleton (D:7)
  A quokka skeleton (D:2)
  2 quokka zombies (D:5)
  8 rats
171 creatures vanquished.

Notes
Turn   | Place    | Note
-------+----------+-------------------------------------------
     0 | D:1      | protoss039 the Deep Elf Earth Elementalist began the quest
                  | for the Orb.
     0 | D:1      | Reached XP level 1. HP: 10/10 MP: 6/6
   170 | D:1      | Reached XP level 2. HP: 15/15 MP: 5/8
   412 | D:1      | Reached skill level 4 in Spellcasting
   575 | D:1      | Reached XP level 3. HP: 19/19 MP: 7/10
   858 | D:1      | Learned a level 2 spell: Passwall
  1553 | D:2      | Found a shimmering blue altar of Sif Muna.
  1676 | D:2      | Reached skill level 5 in Spellcasting
  1676 | D:2      | Reached XP level 4. HP: 24/24 MP: 9/13
  2057 | D:3      | Reached XP level 5. HP: 24/28 MP: 11/15
  2396 | D:3      | Reached skill level 6 in Spellcasting
  2481 | D:3      | Noticed Robin
  2506 | D:3      | Killed Robin
  2515 | D:3      | Learned a level 3 spell: Stone Arrow
  2972 | D:4      | Found Gownoniqu's Assorted Antiques.
  2980 | D:4      | Bought a scroll labeled YMIQUA POXZO for 26 gold pieces
  2980 | D:4      | Bought a scroll labeled PAIREI PUOFED for 26 gold pieces
  3000 | D:4      | You fall into a shaft and drop 3 floors!
  3080 | D:6      | Reached skill level 7 in Spellcasting
  3080 | D:6      | Reached XP level 6. HP: 29/32 MP: 9/18
  3130 | D:6      | Reached skill level 5 in Earth Magic
  3294 | D:5      | Entered Level 5 of the Dungeon
  3335 | D:4      | Noticed Menkaure
  3345 | D:4      | Killed Menkaure
  3345 | D:4      | Reached skill level 8 in Spellcasting
  3703 | D:4      | Found a staircase to the Ecumenical Temple.
  3855 | D:4      | Reached XP level 7. HP: 36/36 MP: 14/21
  3939 | Temple   | Entered the Ecumenical Temple
  4062 | Temple   | Became a worshipper of Vehumet
  4320 | D:5      | Reached skill level 9 in Spellcasting
  4333 | D:5      | Found a glowing golden altar of the Shining One.
  4358 | D:5      | Reached skill level 1 in Conjurations
  5087 | D:6      | Reached skill level 10 in Spellcasting
  5093 | D:6      | Reached * piety under Vehumet
  5093 | D:6      | Offered knowledge of Magic Dart by Vehumet.
  5200 | D:6      | Reached XP level 8. HP: 41/41 MP: 6/24
  5584 | D:6      | Reached skill level 11 in Spellcasting
  6059 | D:6      | Learned a level 4 spell: Petrify
  6065 | D:6      | Learned a level 5 spell: Lee's Rapid Deconstruction
  7200 | D:7      | Reached skill level 12 in Spellcasting
  7563 | D:8      | Reached XP level 9. HP: 45/45 MP: 15/27
  7675 | D:8      | Noticed a deep elf mage
  7689 | D:8      | Reached ** piety under Vehumet
  7689 | D:8      | Offered knowledge of Searing Ray by Vehumet.
  7696 | D:8      | Killed a deep elf mage
  7778 | D:8      | Noticed a two-headed ogre
  7781 | D:8      | Killed a two-headed ogre
  7781 | D:8      | Reached skill level 13 in Spellcasting
  7806 | D:7      | HP: 2/45 [wraith (9)]
  7806 | D:7      | Slain by a wraith

Illustrated notes

Levels and vault maps discovered:
D:1:      nzn_arrival_settlement, layout_basic, kennysheep_doodads, st_stairs_5
D:2:      layout_basic, lemuel_altar_in_water
D:3:      layout_basic, kennysheep_boxes, uniq_robin
D:4:      layout_basic, minmay_temple_entry_drinking_statues, serial_shops,
          shop, uniq_menkaure
D:5:      layout_cave_pools, tso_oasis_becter, first_ration, st_stairs_10
D:6:      layout_basic
D:7:      layout_loops_corners
D:8:      minmay_bloctagon, layout_basic, st_stairs_13, grunt_ogre_cave,
          uniq_gastronok
Temple:   kilobyte_greek_temple

Skill      XL: |  1  2  3  4  5  6  7  8  9 |
---------------+----------------------------+-----
Spellcasting   | 4 5 7 8 10 12 13 | 13.5
Earth Magic    | 4 5 6 7 9 |  9.4
Conjurations   | 1 2 3 |  3.1
Fighting       | |  0.1
Short Blades   | |  0.3
Dodging        | |  2.4
Stealth        | |  2.4
Transmutations | |  1.1

Action                   |  1- 3 |  4- 6 |  7- 9 || total
-------------------------+-------+-------+-------++-------
Melee: Unarmed           |     1 |       |       ||     1
       Short sword       |       |     2 |     2 ||     4
 Cast: Sandblast         |    62 |    72 |    65 ||   199
       Stone Arrow       |       |    13 |    58 ||    71
       Lee's Rapid Decon |       |       |    10 ||    10
       Passwall          |       |       |     1 ||     1
  Use: Scroll            |       |     2 |    13 ||    15
  Eat: Chunk             |     2 |     7 |    13 ||    22
Armor: Robe              |     2 |     5 |     8 ||    15
Dodge: Dodged            |    16 |    16 |    29 ||    61
